 Dungeon Crawl Stone Soup version 0.27-a0-1416-g941b2bd30b (webtiles) character file.

Game seed: 15134454172162735910

63 Arzdou the Sneak (level 3, -9/16 HPs)
             Began as a Spriggan Enchanter on July 1, 2021.
             Mangled by an ogre (25 damage)
             ... on level 2 of the Dungeon.
             The game lasted 00:08:46 (2482 turns).

Arzdou the Sneak (Spriggan Enchanter)               Turns: 2482, Time: 00:08:46

Health: -9/16      AC:  9    Str:  4    XL:     3   Next: 89%
Magic:  0/8        EV: 17    Int: 17    God:
Gold:   53         SH:  0    Dex: 15    Spells: 5/8 levels left

rFire    . . .     SeeInvis +   j - +1 dagger (protect)
rCold    . . .     Faith    .   (shield restricted)
rNeg     . . .     Spirit   .   b - +0 robe
rPois    .         Reflect  .   (helmet restricted)
rElec    .         Harm     .   (no cloak)
rCorr    .         Rampage  .   (gloves unavailable)
Will     .....                  (boots unavailable)
Stlth    +++.......             (no amulet)
HPRegen  0.05/turn              (no ring)
MPRegen  0.11/turn              (no ring)

@: under a protective aura, very quick
A: very small, no large weapons, unfitting armour, see invisible, speed 3
a: no special abilities


You were on level 2 of the Dungeon.
You visited 1 branch of the dungeon, and saw 3 of its levels.

You collected 53 gold pieces.

Inventory:

Hand Weapons
 a - a +1 dagger
 j - a +1 dagger of protection (weapon)
Armour
 b - a +0 robe (worn)
Wands
 i - a wand of acid (12)
Scrolls
 f - a scroll of holy word {unknown}
 g - a scroll of magic mapping {unknown}
 l - a scroll of vulnerability {unknown}
 m - a scroll of blinking {unknown}
Potions
 c - a potion of lignification {unknown}
 d - a potion of curing {unknown}
 e - a potion of brilliance {unknown}
 h - a potion of degeneration {unknown}
 k - a potion of heal wounds {unknown}


   Skills:
 + Level 0.1 Fighting
 - Level 1.1 Short Blades
 + Level 2.8 Dodging
 * Level 5.7 Stealth
 + Level 3.3 Spellcasting
 * Level 4.2 Hexes
 + Level 0.8 Ice Magic


You had 5 spell levels left.
You knew the following spells:

 Your Spells              Type           Power      Damage    Failure   Level
a - Corona                Hex            18%        N/A       3%          1
b - Ensorcelled Hibernat  Hex/Ice        22%        N/A       9%          2

Your spell library contained the following spells:

 Spells                   Type           Power      Damage    Failure   Level
 Confusing Touch          Hex            17%        N/A       9%          3
 Tukima's Dance           Hex            17%        N/A       9%          3
 Magic Dart               Conj           8%         1d3       17%         1
 Dazzling Flash           Conj/Hex       20%        N/A       22%         3
 Call Imp                 Summ           2%         N/A       26%         2
 Mephitic Cloud           Conj/Pois/Air  2%         N/A       45%         3


Dungeon Overview and Level Annotations

Branches:
Dungeon (3/15)

Altars:
Trog

Shops:
D:1 :


Innate Abilities, Weirdness & Mutations

You are very small and have problems with some larger weapons.
You are too small for most types of armour.
You have supernaturally acute eyesight. (SInv)
You cover ground extremely quickly. (Speed+++)


Message History

The ogre resists with some effort.
Casting: Ensorcelled Hibernation (safe; 9% risk of failure)
Confirm with . or Enter, or press ? or * to list all spells.
Aiming: Ensorcelled Hibernation (safe; 9% risk of failure)
Press: ? - help, Shift-Dir - straight line, f/p - ogre
Aim: an ogre, wielding a +0 giant club (chance to affect: 42%)
The ogre resists with some effort.
The ogre closely misses you.
You climb upwards.
There is a stone staircase leading down here.
Casting: Ensorcelled Hibernation (safe; 9% risk of failure)
Confirm with . or Enter, or press ? or * to list all spells.
Aiming: Ensorcelled Hibernation (safe; 9% risk of failure)
Press: ? - help, Shift-Dir - straight line, f - ogre
Aim: an ogre, wielding a +0 giant club (chance to affect: 42%)
The ogre resists with some effort.
Casting: Ensorcelled Hibernation (safe; 9% risk of failure)
Confirm with . or Enter, or press ? or * to list all spells.
Aiming: Ensorcelled Hibernation (safe; 9% risk of failure)
Press: ? - help, Shift-Dir - straight line, f/p - ogre
Aim: an ogre, wielding a +0 giant club (chance to affect: 42%)
The ogre resists with some effort.
Casting: Ensorcelled Hibernation (safe; 9% risk of failure)
Confirm with . or Enter, or press ? or * to list all spells.
Aiming: Ensorcelled Hibernation (safe; 9% risk of failure)
Press: ? - help, Shift-Dir - straight line, f/p - ogre
Aim: an ogre, wielding a +0 giant club (chance to affect: 42%)
The ogre looks drowsy...
The helpless ogre fails to defend itself.
You impale the ogre!!
Your weapon exudes an aura of protection.
The ogre is severely wounded.
The ogre completely misses you.
You hit the ogre.
The ogre is severely wounded.
You hit the ogre.
The ogre is almost dead.
The ogre hits you with a +0 giant club!!
Ouch! That really hurt!
You die...

#.#..).##.##...#######
#.#....##.............
#.#....##.##...#######
#O#...........#.......
#.#....##...#.#.#####.
#.#.......#.#...# ##
#.#.....#<#...### #.
#.###########.# #.
#...O@........# ###.
############### #...
###.## #...# #.####
#..... ######


You could see an ogre.

Vanquished Creatures
  2 adders (D:2)
  2 dart slugs (D:1)
  6 ball pythons
  3 endoplasms
  3 giant cockroaches
  5 goblins
  2 hobgoblins (D:2)
  2 jackals (D:2)
  A quokka (D:1)
  5 bats
  3 frilled lizards
  3 kobolds
  2 rats (D:1)
39 creatures vanquished.

Notes
Turn   | Place    | Note
-------+----------+-------------------------------------------
     0 | D:1      | Arzdou the Spriggan Enchanter began the quest for the Orb.
     0 | D:1      | Reached XP level 1. HP: 9/9 MP: 5/5
   263 | D:1      | Found Lixivam's Book Boutique.
   367 | D:1      | Reached XP level 2. HP: 13/13 MP: 7/7
   370 | D:1      | Learned a level 2 spell: Ensorcelled Hibernation
   767 | D:1      | Reached skill level 5 in Stealth
  1528 | D:2      | Reached XP level 3. HP: 16/16 MP: 8/8
  1648 | D:2      | Found a bloodstained altar of Trog.
  1857 | D:2      | Found a faded altar of an unknown god.
  2438 | D:3      | Noticed an ogre
  2482 | D:2      | Mangled by an ogre

Illustrated notes

Levels and vault maps discovered:
D:1:      ncdulo_wetmaze, layout_loops_corners, serial_shops,
          nicolae_diamond_shop, minmay_misc_feat_tower
D:2:      layout_basic, basic_altar, chequers_ecumenical_altar_simple_redux
D:3:      layout_basic, nrook_loot_triangle

Skill      XL: |  1  2 |
---------------+-------+-----
Spellcasting   | 3 |  3.3
Stealth        | 5 |  5.7
Hexes          | 4 |  4.2
Fighting       | |  0.1
Short Blades   | |  1.1
Dodging        | |  2.8
Ice Magic      | |  0.8

Action                   || total
-------------------------++-------
Melee: Dagger            ||    85
 Cast: Corona            ||     4
       Ensorcelled Hiber ||    36
 Stab: Sleeping          ||    29
Armor: Robe              ||     5
Dodge: Dodged            ||    61

Table legend: (Time is in decaauts)
 A = Elapsed time spent in this place.
 B = Non-inter-level travel time spent in this place.
 C = Inter-level travel time spent in this place.
 D = Time resting spent in this place.
 E = Time spent auto-exploring this place.
 F = Levels seen in this place.
 G = Mean time per level.
                   A        B        C        D        E       F      G
               +--------+--------+--------+--------+--------+-----+--------+
         Total |   1866 |   1830 |     36 |    277 |   1133 |   3 |  622.0 |
       Dungeon |   1866 |   1830 |     36 |    277 |   1133 |   3 |  622.0 |
               +--------+--------+--------+--------+--------+-----+--------+

Top non-repeatable levels by time:
     D:1: 1130 daAuts
     D:2: 727 daAuts
     D:3: 8 daAuts
